 Dungeon Crawl Stone Soup version 0.26.0-20-g3ca415f5b8 (webtiles) character file.

Game seed: 18185925418394958574

207 Descartes the Magician (level 5, -1/28 HPs)
             Began as a Deep Elf Fire Elementalist on Jan 24, 2021.
             Killed from afar by an orc wizard (9 damage)
             ... with a puff of flame
             ... on level 4 of the Dungeon.
             The game lasted 00:06:31 (3847 turns).

Descartes the Magician (Deep Elf Fire Elementalist) Turns: 3847, Time: 00:06:31

Health: -1/28      AC:  4    Str:  5    XL:     5   Next: 54%
Magic:  10/23      EV: 13    Int: 21    God:
Gold:   167        SH:  0    Dex: 15    Spells: 12/13 levels left

rFire    . . .     SeeInvis .   d - +1 dagger (venom)
rCold    . . .     Faith    .   (no shield)
rNeg     . . .     Spirit   .   a - +0 robe
rPois    +         Reflect  .   (no helmet)
rElec    .         Harm     .   o - +0 cloak
rCorr    .         Rampage  .   p - +0 pair of gloves
Will     .....                  (no boots)
Stlth    ++........             w - amulet of regeneration
HPRegen  0.49/turn              i - ring of poison resistance
MPRegen  0.18/turn              v - ring of magical power

@: no status effects
A: no striking features
a: no special abilities


You were on level 4 of the Dungeon.
You visited 1 branch of the dungeon, and saw 4 of its levels.

You collected 167 gold pieces.

Inventory:

Hand Weapons
 d - a +1 dagger of venom (weapon)
Missiles
 j - 9 stones
 k - 54 arrows
 m - 2 large rocks
 t - 21 sling bullets
Armour
 a - a +0 robe (worn)
 o - a +0 cloak (worn)
 p - a +0 pair of gloves (worn)
 u - a +0 pair of gloves
Jewellery
 i - a ring of poison resistance (left hand)
 q - an uncursed ring of resist corrosion
 v - a ring of magical power (right hand)
 w - an amulet of regeneration (around neck)
 y - a cursed -4 ring of evasion {unknown}
Scrolls
 e - 7 scrolls of remove curse
 h - 4 scrolls of identify {unknown}
 l - 2 scrolls of amnesia {unknown}
 n - 2 scrolls of magic mapping {unknown}
 r - a scroll of enchant weapon {unknown}
 s - 2 scrolls of teleportation {unknown}
 x - a scroll of fear {unknown}
Potions
 b - a potion of lignification {unknown}
 c - 3 potions of curing {unknown}
 f - a potion of heal wounds {unknown}
 g - 2 potions of invisibility {unknown}


   Skills:
 + Level 3.0 Dodging
 + Level 3.2 Stealth
 + Level 4.9 Spellcasting
 + Level 2.8 Conjurations
 + Level 4.8 Fire Magic


You had 12 spell levels left.
You knew the following spells:

 Your Spells              Type           Power        Failure   Level
a - Foxfire               Conj/Fire      84%          2%          1

Your spell library contained the following spells:

 Spells                   Type           Power        Failure   Level
 Conjure Flame            Conj/Fire      21%          7%          3
 Inner Flame              Hex/Fire       15%          12%         3
 Sticky Flame             Conj/Fire      21%          22%         4
 Fireball                 Conj/Fire      10%          54%         5


Dungeon Overview and Level Annotations

Branches:
Dungeon (4/15)
 Temple: D:4-7

Altars:


Message History

Unknown command.
Casting: Foxfire (safe; 2% risk of failure)
Confirm with . or Enter, or press ? or * to list all spells.
Nothing appears to happen.
The orc wizard misses you. The orc hits you but does no damage.
Casting: Foxfire (safe; 2% risk of failure)
Confirm with . or Enter, or press ? or * to list all spells.
You conjure some foxfire!
The orc wizard hits you but does no damage.
The ogre hits you with a +0 giant spiked club!
* * * LOW HITPOINT WARNING * * *
The orc hits you but does no damage.
Your foxfire dissipates!
The orc wizard miscasts a cantrip.
Casting: Foxfire (safe; 2% risk of failure)
Confirm with . or Enter, or press ? or * to list all spells.
You conjure some foxfire!
The orc wizard points at you and mumbles some strange words.
The puff of flame hits you!
You die...

...#.... ### .....).#
... ....#.".# #.#
#.#..... #### #.# ##.#
... # ..#
#.###.###.##...# #.#
#.....oO).....#
##.#######.#o###)#.##.#
#.. #.......v@...# .#
... #..#######v..# ..
#. #....# #...# ##.
###..#.# #...# .# #
.....#.# #...# #
##.###.##.## ##..#
..........# ..# #
#.#ยง..##..#####..#
####.#.#...........


You could see an orc wizard.

Vanquished Creatures
  A scorpion (D:4)
  An orc priest (D:4)
  A worker ant (D:4)
  4 adders (D:2)
  2 oozes
  3 worms
  2 dart slugs (D:3)
  A leopard gecko (D:2)
  An orc (D:4)
  8 bats
  3 giant cockroaches
  2 goblins
  5 hobgoblins
  3 jackals (D:2)
  3 kobolds
  2 ball pythons
  3 frilled lizards (D:1)
  6 rats
51 creatures vanquished.

Vanquished Creatures (collateral kills)
  A foxfire (D:4)
1 creature vanquished.

Vanquished Creatures (others)
  235 foxfires
235 creatures vanquished.

Grand Total: 287 creatures vanquished

Notes
Turn   | Place    | Note
-------+----------+-------------------------------------------
     0 | D:1      | Descartes the Deep Elf Fire Elementalist began the quest
                  | for the Orb.
     0 | D:1      | Reached XP level 1. HP: 10/10 MP: 6/6
   360 | D:1      | Reached XP level 2. HP: 11/15 MP: 1/8
  1191 | D:2      | Reached XP level 3. HP: 19/19 MP: 6/10
  2082 | D:2      | Reached XP level 4. HP: 21/24 MP: 8/12
  3693 | D:4      | Reached XP level 5. HP: 28/28 MP: 14/14
  3832 | D:4      | Noticed an ogre
  3847 | D:4      | Killed from afar by an orc wizard

Illustrated notes

Levels and vault maps discovered:
D:1:      onia_arrival_mini_spirals, layout_loops_ring
D:2:      layout_loops_ring
D:3:      layout_loops_ring
D:4:      layout_loops_ring, ebering_ghost_sewer_d, moated_statue

Skill      XL: |  1  2  3  4  5 |
---------------+----------------+-----
Fire Magic     | 4 |  4.8
Spellcasting   | 4 |  4.9
Conjurations   | 2 |  2.8
Stealth        | 3 |  3.2
Dodging        | 3 |  3.0

Action                   |  1- 3 |  4- 6 || total
-------------------------+-------+-------++-------
 Cast: Foxfire           |    97 |   107 ||   204
  Use: Scroll            |     1 |       ||     1
Armor: Robe              |     6 |     8 ||    14
Dodge: Dodged            |    20 |    15 ||    35
